 Dungeon Crawl Stone Soup version 0.16-a0-3884-g0a5f664 (webtiles) character file.

20237 Ololoev the Jinx (level 12, 0/80 HPs)
             Began as a Vampire Fighter on Feb 2, 2015.
             Was a High Priest of Okawaru.
             Killed from afar by a fire dragon (27 damage)
             ... with a blast of flame
             ... on level 13 of the Dungeon.
             The game lasted 01:03:57 (13338 turns).

Ololoev the Jinx (Vampire Fighter)                 Turns: 13338, Time: 01:03:57

Health: 0/80       AC: 21    Str: 17    XL:     12   Next: 43%
Magic:  21/24      EV: 18    Int: 10    God:    Okawaru [*****.]
Gold:   853        SH:  0    Dex: 13    Spells: 2 memorised, 14 levels left

rFire  . . .     SeeInvis +     c - +7 great sword (slice)
rCold  . . .     Clarity  .     x - +5 steam dragon armour of Trynep {+Inv rN+ MR+ rCorr Str+2 Int-4}
rNeg   + . .     SustAb   .     (no shield)
rPois  .         Gourm    .     E - +1 hat
rElec  .         Spirit   .     K - +2 cloak {+Inv}
rCorr  +         Warding  .     e - +0 pair of gloves
rMut   .         Stasis   .     m - +1 pair of boots
MR     ++...                    (no amulet)
Stlth  +++.......               (no ring)
                                (no ring)

@: heroism, regenerating quickly, very resistant to hostile enchantments, fairly
stealthy
A: bottle blood, fangs 3, see invisible, unbreathing
a: Heroism, Finesse, Renounce Religion, Evoke Invisibility


You were on level 13 of the Dungeon.
You worshipped Okawaru.
Okawaru was extremely pleased with you.
You were very full.

You visited 2 branches of the dungeon, and saw 14 of its levels.
You also visited: Bailey.

You collected 853 gold pieces.

Notes
Turn   | Place    | Note
--------------------------------------------------------------
     0 | D:1      | Ololoev, the Vampire Fighter, began the quest for the Orb.
     0 | D:1      | Reached XP level 1. HP: 17/17 MP: 1/1
   194 | D:1      | Reached skill level 3 in Shields
   194 | D:1      | Reached XP level 2. HP: 16/23 MP: 2/2
   319 | D:1      | You fall through a shaft!
   447 | D:2      | Reached XP level 3. HP: 24/28 MP: 3/3
   484 | D:2      | Found a deep blue altar of Sif Muna.
   526 | D:2      | Found a stormy altar of Qazlal.
   668 | D:2      | Found a burning altar of Makhleb.
   960 | D:2      | Reached skill level 1 in Evocations
  1306 | D:3      | Found a shimmering altar of Xom.
  1306 | D:3      | Found a shattered altar of Ashenzari.
  1307 | D:3      | Found a radiant altar of Vehumet.
  1373 | D:3      | Reached XP level 4. HP: 30/34 MP: 4/4
  1662 | D:4      | Noticed a phantom
  1686 | D:4      | Killed a phantom
  1686 | D:4      | Reached XP level 5. HP: 35/39 MP: 6/6
  2242 | D:4      | Noticed a boggart
  2242 | D:4      | an orc wizard changed into a boggart
  2249 | D:4      | Killed a boggart
  2373 | D:4      | Reached XP level 6. HP: 36/46 MP: 8/8
  2714 | D:4      | Reached skill level 4 in Long Blades
  2939 | D:5      | Entered Level 5 of the Dungeon
  3536 | D:5      | Reached XP level 7. HP: 51/51 MP: 11/11
  3785 | D:6      | Noticed Duvessa
  3785 | D:6      | Noticed Dowan
  3802 | D:6      | Killed Duvessa
  3814 | D:6      | Killed Dowan
  3814 | D:6      | Reached skill level 5 in Long Blades
  4261 | D:7      | Found a staircase to the Ecumenical Temple.
  4274 | D:7      | Learned a level 3 spell: Confuse
  4278 | Temple   | Entered the Ecumenical Temple
  4304 | Temple   | Became a worshipper of Warmaster Okawaru
  4504 | D:6      | Noticed Pikel
  4516 | D:6      | Killed Pikel
  4516 | D:6      | Acquired Okawaru's first power
  4516 | D:6      | Reached skill level 6 in Long Blades
  4516 | D:6      | Reached skill level 5 in Evocations
  4516 | D:6      | Reached XP level 8. HP: 53/57 MP: 13/15
  4517 | D:6      | Noticed Sigmund
  4530 | D:6      | Killed Sigmund
  4911 | D:7      | Reached skill level 5 in Hexes
  5609 | D:7      | Found a glowing golden altar of the Shining One.
  5770 | D:7      | Reached skill level 7 in Long Blades
  5770 | D:7      | Reached XP level 9. HP: 62/62 MP: 17/17
  6003 | D:7      | Reached skill level 5 in Armour
  6469 | D:8      | Found a sacrificial altar of Ru.
  6513 | D:8      | Reached skill level 8 in Hexes
  7019 | D:8      | Reached skill level 9 in Hexes
  7267 | D:9      | Reached skill level 1 in Spellcasting
  7461 | D:9      | Got a slimy dagger
  7462 | D:9      | Identified the -1 dagger "Kiaz Omo" {pierce, rPois+} (You found it on level 9 of the Dungeon)
  7535 | D:9      | Noticed a gargoyle
  7567 | D:9      | Killed a gargoyle
  7567 | D:9      | Reached XP level 10. HP: 40/68 MP: 13/18
  7810 | D:9      | Noticed a hill giant
  7850 | D:9      | Killed a hill giant
  7850 | D:9      | Received a gift from Okawaru
  7898 | D:9      | Reached skill level 10 in Hexes
  8057 | D:10     | Entered Level 10 of the Dungeon
  8135 | D:10     | Noticed Gastronok
  8224 | D:10     | Killed Gastronok
  8399 | D:10     | Noticed Eustachio
  8423 | D:10     | Killed Eustachio
  8501 | D:10     | Reached skill level 11 in Hexes
  9319 | D:11     | Found a flagged portal.
  9448 | Bailey   | Entered a bailey
  9631 | Bailey   | Noticed an orc knight
  9783 | Bailey   | Killed an orc knight
  9783 | Bailey   | Reached XP level 11. HP: 58/74 MP: 12/22
  9836 | Bailey   | Noticed an orc knight
  9838 | Bailey   | Killed an orc knight
  9838 | Bailey   | Acquired Okawaru's second power
  9842 | Bailey   | Reached skill level 5 in Spellcasting
 10096 | Bailey   | Noticed an orc knight
 10112 | Bailey   | Killed an orc knight
 10112 | Bailey   | Reached skill level 10 in Long Blades
 10264 | Bailey   | Got a twisted steam dragon armour
 10275 | Bailey   | Identified the +5 steam dragon armour of Trynep {+Inv rN+ MR+ rCorr Str+2 Int-4} (You found it in a bailey)
 10412 | D:11     | Reached skill level 1 in Dodging
 10420 | D:11     | Reached skill level 12 in Hexes
 10443 | D:11     | Found a staircase to the Lair.
 11162 | D:11     | Noticed a five-headed hydra
 11334 | D:11     | Found a staircase to the Orcish Mines.
 11525 | D:11     | Noticed a hill giant
 11542 | D:11     | Killed a hill giant
 11542 | D:11     | Received a gift from Okawaru
 11956 | D:11     | Killed a three-headed hydra
 12346 | D:12     | You fall through a shaft!
 12712 | D:13     | Learned a level 4 spell: Enslavement
 12787 | D:13     | Reached XP level 12. HP: 76/80 MP: 9/24
 12829 | D:13     | Reached skill level 13 in Hexes
 13054 | D:13     | Noticed an ettin
 13076 | D:13     | Noticed a centaur warrior
 13094 | D:13     | Killed a centaur warrior
 13094 | D:13     | Received a gift from Okawaru
 13185 | D:13     | Noticed a centaur warrior
 13190 | D:13     | Killed a centaur warrior
 13190 | D:13     | Reached skill level 5 in Dodging
 13285 | D:13     | Killed an ettin
 13288 | D:13     | Noticed an unseen horror
 13305 | D:13     | Killed an unseen horror
 13323 | D:13     | Noticed a fire dragon
 13338 | D:13     | Killed from afar by a fire dragon

Inventory:

Hand weapons
 a - a +2 great sword of flaming
 c - a +7 great sword of slicing (weapon)
Missiles
 A - 4 poisoned javelins (quivered)
Armour
 e - a +0 pair of gloves (worn)
 m - a +1 pair of boots (worn)
 x - the +5 steam dragon armour of Trynep (worn) {+Inv rN+ MR+ rCorr Str+2 Int-4}
   (You found it in a bailey)

   It affects your strength (+2).
   It affects your intelligence (-4).
   It protects you from negative energy.
   It affects your resistance to hostile enchantments.
   It lets you turn invisible.
   It protects you from acid and corrosion.
 E - a +1 hat (worn)
 K - a +2 cloak of invisibility (worn)
Jewellery
 w - an uncursed amulet of resist mutation
Magical devices
 f - a wand of hasting (0)
 r - a wand of fire (8)
 F - a wand of fire (4)
 J - a wand of teleportation (0)
Scrolls
 g - 3 scrolls of fog {unknown}
 h - 5 scrolls of recharging
 k - 4 scrolls of magic mapping
 n - 2 scrolls of teleportation
 o - 3 scrolls of enchant armour
 s - 2 scrolls of remove curse
 y - a scroll of immolation {unknown}
 z - 3 scrolls of noise {unknown}
 B - 2 scrolls of blinking
 G - a scroll of fear {unknown}
Potions
 b - 12 potions of blood
 i - 2 potions of restore abilities {unknown}
 j - 2 potions of curing
 l - 2 potions of flight {unknown}
 q - 2 potions of haste {unknown}
 t - a potion of resistance {unknown}
 u - a potion of invisibility {unknown}
 v - 3 potions of heal wounds {unknown}
 C - 2 potions of magic {unknown}
 H - a potion of brilliance
 I - a potion of ambrosia {unknown}
Miscellaneous
 d - a stone of tremors
 p - a phantom mirror

Table legend:
 A = Turns spent in this place as a percentage of turns spent in the entire game.
 B = Non-inter-level travel turns spent in this place as a percentage of non-inter-level travel turns spent in the entire game.
 C = Inter-level travel turns spent in this place as a percentage of turns spent in this place.
 D = Turns resting spent in this place as a percentage of non-inter-level travel turns spent in this place.
 E = Turns spent auto-exploring this place as a percentage of non-inter-level travel turns spent in this place.
 F = Non-inter-level travel turns spent in this place divided by the number of levels of this place that you've seen.
                   A       B       C       D       E      F
               +-------+-------+-------+-------+-------+----------------------
         Total | 100.0 | 100.0 |   0.4 |   3.5 |   7.4 | 331.3
       Dungeon |  94.6 |  94.6 |   0.4 |   3.4 |   7.8 | 361.7
        Temple |   0.2 |   0.2 |  10.0 |   0.0 |  22.2 |   9.0
        Bailey |   5.2 |   5.2 |   0.0 |   7.0 |   0.0 | 258.0
               +-------+-------+-------+-------+-------+----------------------


   Skills:
 - Level 2.6(7.6) Fighting
 * Level 12.1(17.1) Long Blades
 - Level 6.3(11.3) Armour
 + Level 5.4(10.4) Dodging
   Level 4.6(9.6) Shields
 - Level 5.1 Spellcasting
 + Level 13.6 Hexes
 + Level 8.1 Evocations


You had 14 spell levels left.
You knew the following spells:

 Your Spells              Type           Power        Failure   Level  Hunger
a - Confuse               Hex            ####....     1%          3    ###....
b - Enslavement           Hex            ####....     1%          4    ####...


Dungeon Overview and Level Annotations

Branches:
Dungeon (13/15)            Temple (1/1) D:7            Lair (0/8) D:11
    Orc (0/4) D:11
 Vaults: D:13-14

Altars:
Ashenzari
Fedhas
Makhleb
Okawaru
Qazlal
Ru
Sif Muna
Trog
Vehumet
Xom
Yredelemnul
The Shining One


Innate Abilities, Weirdness & Mutations

Your natural rate of healing is unusually fast.
You can bottle blood from corpses.
You have razor-sharp teeth.
You have supernaturally acute eyesight.
You can survive without breathing.


Message History

The fire dragon tramples you but does no damage.
You hit the fire dragon but do no damage.
The fire dragon bites you. The fire dragon misses you.
The fire dragon closely misses you.
You hit the fire dragon but do no damage.
You slash the fire dragon!
You bite the fire dragon, but do no damage.
The fire dragon is moderately wounded.
The fire dragon breathes flames at you. The blast of flame misses you.
You barely miss the fire dragon.
The fire dragon is moderately wounded.
The fire dragon bites you but does no damage.
The fire dragon claws you. The fire dragon misses you.
You barely miss the fire dragon.
The fire dragon is moderately wounded.
You slash the fire dragon! You bite the fire dragon.
The fire dragon is heavily wounded.
The fire dragon bites you but does no damage.
The fire dragon closely misses you.
The fire dragon tramples you but does no damage.
You barely miss the fire dragon.
The fire dragon is heavily wounded.
The fire dragon completely misses you. The fire dragon claws you!
The fire dragon tramples you but does no damage.
You hit the fire dragon but do no damage.
The fire dragon is heavily wounded.
The fire dragon bites you! The fire dragon barely misses you.
The fire dragon tramples you but does no damage.
You hit the fire dragon.
The fire dragon is heavily wounded.
You slash the fire dragon!
The fire dragon is severely wounded.
The fire dragon closely misses you. The fire dragon claws you.
The fire dragon completely misses you.
You slice the fire dragon!!
The fire dragon is almost dead.
The fire dragon breathes flames at you. The blast of flame hits you!
You die...

##########..†'...'...#........
#...#.).#.).#........
##'#######'##........
#..(#..|#..(##'##....
#...'...#..)'(..'....
#...#[..#...#...#....
##############'#######'####.#....
#..(........#...#D..#...#.#.##+#.
#...........#...@...#..)#.#....#.
#...........#...#...#...#.'....'.
#...........#############.#....#.
#.........................#....#.
'.........................#....#.
#.........................###'##.
###+##......###+#####+##.........
.....#......#%..#......'.........
.....'......'...+......#.........


You could see a fire dragon.

Table legend:
 A = Kills in this place as a percentage of kills in entire the game.
 B = Kills by you in this place as a percentage of kills by you in the entire game.
 C = Kills by friends in this place as a percentage of kills by friends in the entire game.
 D = Other kills in this place as a percentage of other kills in the entire game.
 E = Experience gained in this place as a percentage of experience gained in the entire game.
 F = Experience gained in this place divided by the number of levels of this place that you have seen.
                   A       B       C       D       E      F
               +-------+-------+-------+-------+-------+----------------------
         Total | 100.0 | 100.0 |  -nan | 100.0 | 100.0 | 1927.4
       Dungeon |  93.9 |  99.7 |  -nan |  28.6 |  91.1 | 2026.1
        Bailey |   6.1 |   0.3 |  -nan |  71.4 |   8.9 | 2572.0
               +-------+-------+-------+-------+-------+----------------------

Vanquished Creatures
  Gastronok (D:10)
  An ettin (D:13)
  A hydra (D:11)
  2 centaur warriors (D:13)
  An unseen horror (D:13)
  A giant orange brain (shapeshifter) (D:13)
  Pikel (D:6)
  3 orc knights (Bailey)
  2 hill giants
  A cyclops (D:13)
  A manticore (D:13)
  A griffon (D:13)
  A centaur zombie (D:12)
  2 gargoyles
  A yaktaur (D:13)
  An efreet (D:13)
  A two-headed ogre (D:10)
  A troll (D:10)
  A raven (D:13)
  2 shadows
  A wraith (D:13)
  A trapdoor spider (D:13)
  6 yaks (D:11)
  Eustachio (D:10)
  A deep elf fighter (D:12)
  A hippogriff (D:8)
  4 vampire mosquitoes
  2 wyverns
  2 soldier ants (D:13)
  3 mottled dragons
  6 ice beasts
  15 orc warriors
  A black bear (D:13)
  A boggart (D:4)
  2 ogres
  2 necrophages
  4 phantoms
  5 boring beetles (D:11)
  2 big kobolds
  5 centaurs
  Sigmund (D:6)
  Duvessa (D:6)
  4 giant frogs
  A wyvern skeleton (D:11)
  3 scorpions
  11 wights
  3 crimson imps
  Dowan (D:6)
  5 jellies
  4 orc priests
  A gnoll shaman (D:8)
  4 giant frog skeletons
  3 centaur skeletons
  2 hounds
  13 orc wizards
  4 iguanas
  3 worker ants
  2 hound zombies
  A hound skeleton (D:7)
  3 worker ant zombies
  7 gnolls
  A river rat (D:11)
  12 adders
  2 shadow imps
  An adder skeleton (D:6)
  3 giant geckos
  An ooze (D:1)
  75 orcs
  7 bats
  A bat skeleton (D:5)
  A bat zombie (D:8)
  10 goblins
  6 hobgoblins
  17 jackals
  3 quokkas
  2 giant cockroaches
  3 giant newts
  A giant spore (D:8)
  A jackal skeleton (D:7)
  A jackal zombie (D:5)
  16 kobolds
  15 rats
  A ballistomycete (D:8)
348 creatures vanquished.

Vanquished Creatures (collateral kills)
  A raven (D:13)
1 creature vanquished.

Vanquished Creatures (others)
  A crimson imp (D:6)
  A mummy (D:13)
  A giant spore (D:13)
3 creatures vanquished.

Grand Total: 352 creatures vanquished

Action                   |  1- 3 |  4- 6 |  7- 9 | 10-12 || total
-------------------------+-------+-------+-------+-------++-------
Melee: Long sword        |   138 |   168 |   626 |   390 ||  1322
       Great sword       |       |       |       |   194 ||   194
Throw: Javelin           |       |       |       |    13 ||    13
 Cast: Confuse           |       |       |    21 |   107 ||   128
Invok: Heroism           |       |       |     2 |     6 ||     8
Evoke: Wand              |       |     2 |    33 |     5 ||    40
  Use: Potion            |    12 |    12 |    35 |    46 ||   105
       Scroll            |       |       |    17 |     8 ||    25
 Stab: Paralysed         |       |       |     8 |       ||     8
       Confused          |       |       |    17 |    25 ||    42
       Sleeping          |       |       |       |     1 ||     1
       Fleeing           |       |       |       |     1 ||     1

Vault maps used:
D:1:      minmay_arrival_three_doors
D:2:      lemuel_round_altar, lemuel_blue_sif_altar, bloody_makhleb
D:3:      gammafunk_temple_overflow_forgotten, minivault_24
D:4:      serial_curves, eino_curves_02, eino_curves_03
D:5:      first_bread
D:6:      uniq_pikel, uniq_sigmund, uniq_duvessa
D:7:      kennysheep_little_box, minmay_temple_entry_butterflies
D:8:      old_standard_altar
D:10:     uniq_eustachio, uniq_gastronok
D:11:     erik_lair_boring, david_orc_4, enter_bailey_2
D:12:     grunt_pizzeria, okawaru_ov_weapons_minmay
D:13:     minmay_evil_grid
Temple:   oiseaux_autumnal_temple_12
Bailey:   bailey_polearm_1, bailey
